Map: Apotheosis LE

Players

Dreadlord - Winner!

  • Race: Terran Terran
  • League: Master

tmdal

  • Race: Zerg Zerg
  • League: Master

VOD

Have the link to the VOD?

Description

Time

  • Played on: Nov. 7, 2016, 2:16 a.m.
  • Length: 25:28
Show
View Real Time Build Order
Export as new Build Order

Dreadlord Terran - Winner!

Build Orders: Cyclone Opening, Reaper Expand 

Get SALT Encoding   

  12  0:00  SCV  
  13  0:13  SCV  
  14  0:18  Supply Depot  
  14  0:25  SCV  
  15  0:32  Refinery  
  15  0:40  SCV  
  16  0:46  Barracks  
  16  0:52  SCV  
  17  1:05  SCV  
  18  1:17  SCV  
  19  1:33  Orbital Command  
  19  1:34  Reaper  
  20  1:48  Command Center  
  20  1:58  Factory  
  21  2:01  SCV  
  21  2:10  Refinery  
  21  2:16  Supply Depot, Barracks Tech Lab  
  21  2:21  SCV  
  22  2:33  SCV  
  23  2:45  SCV  
  24  2:55  Cyclone  
  24  2:57  SCV  
  29  3:05  Factory  
  29  3:07  Barracks Reactor  
  29  3:09  SCV  
  30  3:21  SCV  
  32  3:29  Orbital Command  
  32  3:32  Cyclone  
  32  3:34  SCV  
  36  3:46  SCV  
  37  3:55  SCV  
  37  3:58  SCV  
  39  4:03  Supply Depot  
  39  4:05  Cyclone  
  39  4:08  SCV  
  44  4:10  SCV  
  45  4:17  Infernal Pre-Igniter  
  45  4:20  SCV  
  46  4:25  Hellion x2, SCV  
  46  4:28  Supply Depot  
  46  4:29  Supply Depot  
  51  4:32  SCV  
  51  4:37  SCV  
  53  4:44  SCV  
  54  4:49  Cyclone, SCV  
  59  4:55  Hellion x2  
  59  4:56  SCV  
  64  5:00  Supply Depot x2  
  64  5:02  SCV  
  65  5:08  SCV  
  65  5:11  Supply Depot  
  65  5:14  Command Center, SCV  
  66  5:20  Refinery, SCV  
  67  5:22  Refinery, Cyclone  
  67  5:26  SCV  
  67  5:28  Hellion x2  
  76  5:32  SCV  
  77  5:36  Factory, Mag-Field Accelerator  
  77  5:38  SCV  
  78  5:44  SCV  
  79  5:50  SCV  
  79  5:54  Cyclone  
  79  5:55  Engineering Bay  
  79  5:56  Supply Depot, SCV  
  85  5:59  Supply Depot  
  85  6:02  SCV  
  86  6:09  SCV  
  87  6:14  SCV  
  86  6:21  SCV  
  86  6:23  Widow Mine x2  
  86  6:24  Factory Tech Lab  
  89  6:26  Cyclone  
  85  6:54  Widow Mine  
  85  6:55  Cyclone  
  85  6:56  SCV  
  85  6:58  Cyclone  
  85  6:59  SCV  
  97  7:05  Missile Turret  
  97  7:08  SCV  
  98  7:10  Missile Turret  
  98  7:11  Hellion, SCV  
  101  7:18  Factory x3  
  101  7:19  Sensor Tower  
  101  7:20  Refinery, SCV  
  101  7:21  Refinery  
  103  7:23  Missile Turret, SCV  
  103  7:24  Hellion  
  103  7:25  Missile Turret x2  
  103  7:27  Orbital Command, Cyclone  
  109  7:32  SCV  
  109  7:35  SCV  
  111  7:44  SCV  
  111  7:47  SCV  
  113  7:53  SCV  
  113  7:56  Cyclone, Hellion x2, SCV  
  123  7:59  SCV  
  124  8:05  SCV  
  124  8:07  Supply Depot  
  124  8:09  Supply Depot  
  124  8:11  Supply Depot  
  124  8:12  Supply Depot, Factory Tech Lab x2  
  125  8:13  Cyclone, Factory Reactor, SCV x2  
  125  8:16  Armory  
  125  8:17  Hellion, SCV  
  125  8:18  Hellion  
  136  8:25  SCV x2  
  138  8:28  Cyclone  
  138  8:30  SCV  
  143  8:36  Cyclone, Widow Mine  
  143  8:38  Command Center, Widow Mine  
  151  8:45  Cyclone, Hellion  
  157  8:53  Supply Depot  
  157  8:55  Supply Depot, SCV  
  158  8:56  Factory  
  158  9:01  Cyclone, SCV  
  163  9:04  Terran Vehicle And Ship Armor Level 1, Drilling Claws  
  163  9:05  Cyclone  
  167  9:15  Widow Mine x3  
  167  9:16  Cyclone  
  175  9:17  Cyclone  
  175  9:33  Cyclone  
  179  9:50  Cyclone x3, Widow Mine x5  
  193  9:53  Missile Turret  
  187  10:05  Cyclone  
  179  10:18  Widow Mine x3  
  179  10:19  Factory Tech Lab  
  179  10:20  Hellion  
  187  10:21  Planetary Fortress  
  187  10:22  Cyclone x3  
  187  10:23  SCV  
  187  10:25  Refinery  
  200  10:45  Command Center  
  200  10:48  Missile Turret  
  200  10:52  Refinery  
  200  10:55  Factory  
  200  10:56  Missile Turret  
  200  10:57  Factory, Sensor Tower  
  200  10:59  Factory, Missile Turret  
  194  11:17  Cyclone x2, Widow Mine x5  
  194  11:18  Cyclone x2  
  146  11:45  Widow Mine x3  
  146  11:46  Widow Mine x2  
  152  11:49  Widow Mine x3  
  152  11:50  Hellbat  
  149  12:11  Cyclone  
  149  12:12  SCV  
  149  12:13  SCV  
  149  12:14  Widow Mine x2  
  149  12:15  Cyclone  
  159  12:20  Widow Mine x2  
  159  12:21  Cyclone x2, Widow Mine  
  159  12:22  SCV  
  174  12:27  SCV  
  171  12:42  Widow Mine x2  
  171  12:43  Cyclone  
  179  12:47  Cyclone  
  179  12:49  Widow Mine x3  
  189  12:52  Refinery  
  189  12:53  Cyclone, Terran Vehicle And Ship Armor Level 2, Widow Mine  
  189  12:54  Refinery  
  189  12:58  Command Center  
  195  13:00  Command Center  
  195  13:01  Planetary Fortress  
  195  13:11  Widow Mine x2  
  199  13:15  Command Center  
  199  13:20  SCV  
  200  13:35  Factory x3  
  200  13:38  Factory  
  200  13:39  Factory  
  200  13:41  Factory  
  200  14:00  Command Center  
  200  14:02  Command Center  
  200  14:05  Command Center  
  176  14:42  Cyclone x3, Widow Mine  
  176  14:43  Widow Mine, Cyclone x2, Factory Reactor  
  200  14:48  Factory Tech Lab x3, Factory Reactor  
  200  14:49  Factory Reactor  
  196  15:08  Cyclone  
  170  15:21  Widow Mine x2  
  170  15:22  Cyclone x4, Widow Mine x5  
  192  15:32  Widow Mine x2  
  192  15:33  Cyclone  
  192  15:34  Orbital Command x2  
  192  15:35  Orbital Command x4  
  188  16:05  Cyclone, Widow Mine x2  
  188  16:06  Cyclone  
  172  16:45  Command Center  
  172  16:46  Command Center  
  172  16:47  Missile Turret x2  
  172  16:49  Command Center  
  172  16:50  Cyclone, Refinery, Missile Turret, Widow Mine x2, Command Center  
  172  16:51  Cyclone  
  172  16:53  Missile Turret  
  172  16:54  Refinery  
  184  16:56  Missile Turret  
  184  16:58  Refinery, Missile Turret, Factory  
  184  16:59  Missile Turret x2, Sensor Tower  
  184  17:00  Factory, Missile Turret  
  184  17:02  Factory  
  184  17:06  Refinery  
  184  17:07  Factory Tech Lab x2, Factory Reactor  
  184  17:09  Factory  
  168  17:30  Cyclone, Widow Mine  
  168  17:31  Terran Vehicle And Ship Armor Level 3  
  174  17:58  Command Center x2  
  148  18:08  Cyclone, Factory Reactor  
  148  18:09  Widow Mine x6, Cyclone x5  
  148  18:10  Widow Mine x4, Cyclone x4  
  192  18:21  Widow Mine x5  
  198  18:37  Widow Mine x2  
  198  18:38  Widow Mine  
  198  18:41  Cyclone  
  200  18:45  Widow Mine  
  200  18:46  Cyclone x4, Widow Mine x3  
  200  18:47  Missile Turret x2, Widow Mine  
  198  18:51  Missile Turret  
  198  18:54  Missile Turret  
  184  18:55  Widow Mine  
  184  18:56  Cyclone x2, Widow Mine x3  
  187  19:24  Cyclone x3, Widow Mine x4  
  175  19:25  Cyclone  
  175  19:26  Factory Tech Lab x2  
  175  19:27  Factory Reactor  
  175  19:30  Planetary Fortress  
  199  19:33  Refinery x2  
  199  19:34  Orbital Command x2  
  191  19:47  Widow Mine x3  
  191  19:48  Cyclone x2  
  197  19:57  Orbital Command  
  197  19:58  Planetary Fortress  
  193  20:04  Widow Mine  
  193  20:05  Cyclone  
  199  20:08  Terran Vehicle Weapons Level 1  
  199  20:30  Starport  
  199  20:31  Starport x2  
  199  20:32  Starport  
  199  20:33  Starport  
  199  20:36  Starport  
  199  20:51  Armory  
  199  20:58  Building Armor  
  199  21:19  Starport  
  199  21:31  Starport Tech Lab  
  199  21:32  Starport Tech Lab x4  
  199  21:41  Starport Tech Lab  
  199  21:43  Fusion Core  
  199  21:44  Terran Ship Weapons Level 1  
  199  22:06  Terran Vehicle Weapons Level 2  
  199  22:09  Corvid Reactor  
  199  22:10  Explosive Shrapnel Shells, Cloaking Field  
  199  22:36  Weapon Refit  
  199  22:39  Hi-Sec Auto Tracking  
  199  22:40  Hyperflight Rotors, Advanced Ballistics  
  199  22:43  Starport Tech Lab  
  199  23:20  Behemoth Reactor  
Show
View Real Time Build Order
Export as new Build Order

tmdal Zerg 

Build Orders: Hatch First 

Get SALT Encoding   

  12  0:00  Drone  
  13  0:09  Drone  
  14  0:18  Extractor  
  14  0:21  Extractor, Drone  
  12  0:22  Drone  
  12  0:28  Overlord  
  16  0:51  Hatchery  
  16  0:54  Drone  
  16  0:57  Drone  
  16  1:00  Drone  
  18  1:14  Spawning Pool  
  18  1:17  Extractor  
  16  1:19  Drone  
  16  1:22  Drone  
  18  1:31  Drone  
  19  1:38  Drone  
  20  1:51  Drone  
  21  2:02  Zergling x2, Queen  
  21  2:05  Queen  
  21  2:06  Zergling x2  
  27  2:11  Drone  
  27  2:14  Overlord  
  28  2:34  Drone x2  
  28  2:35  Drone  
  31  2:41  Hatchery  
  30  2:50  Drone x3  
  33  2:54  Pneumatized Carapace  
  33  3:00  Queen  
  33  3:02  Drone  
  36  3:08  Overlord  
  36  3:15  Roach Warren  
  36  3:20  Extractor, Drone  
  36  3:21  Drone  
  36  3:28  Drone x3  
  36  3:29  Drone  
  40  3:40  Overlord x2  
  38  4:00  Roach x4  
  38  4:01  Roach x3  
  52  4:04  Extractor  
  52  4:05  Extractor  
  50  4:22  Evolution Chamber  
  50  4:23  Evolution Chamber  
  50  4:24  Overlord x2  
  48  4:35  Drone x6  
  54  4:52  Drone  
  54  4:53  Drone x2  
  56  5:00  Zerg Ground Armor Level 1, Zerg Missile Weapons Level 1  
  56  5:02  Ravager x3  
  56  5:05  Drone  
  56  5:07  Drone  
  61  5:16  Drone x3  
  61  5:18  Drone x2  
  66  5:22  Lair  
  66  5:24  Drone  
  66  5:28  Ravager x2  
  69  5:29  Drone  
  69  5:30  Drone  
  69  5:34  Spore Crawler  
  70  5:35  Spore Crawler  
  70  5:38  Drone  
  70  5:39  Drone  
  70  5:41  Drone x2  
  73  5:45  Ravager  
  73  5:46  Overlord  
  71  6:12  Roach x2  
  71  6:14  Roach x2  
  72  6:20  Roach  
  69  6:26  Roach x3  
  69  6:27  Roach  
  69  6:28  Roach  
  69  6:30  Roach x2  
  79  6:32  Roach  
  79  6:33  Roach  
  79  6:35  Roach  
  79  6:36  Roach x2  
  79  6:38  Roach  
  79  6:39  Roach  
  80  6:40  Roach x2  
  80  6:41  Roach  
  77  6:54  Overlord x2  
  77  6:57  Glial Reconstitution  
  77  7:07  Overlord  
  77  7:10  Overlord  
  77  7:17  Ravager x4  
  77  7:18  Ravager  
  82  7:24  Overlord x2  
  82  7:35  Drone x2  
  82  7:36  Drone x5  
  89  7:40  Drone  
  90  7:52  Drone  
  90  7:54  Drone  
  90  7:56  Drone  
  90  7:58  Zerg Missile Weapons Level 2  
  93  8:05  Zerg Ground Armor Level 2  
  93  8:06  Drone x2  
  93  8:07  Drone  
  96  8:13  Drone x2  
  96  8:16  Ravager, Extractor  
  96  8:18  Extractor, Drone x2  
  99  8:20  Drone  
  99  8:26  Drone  
  101  8:33  Drone  
  101  8:34  Drone x4  
  104  8:35  Ravager x3  
  104  8:36  Drone  
  104  8:37  Drone  
  111  8:45  Overlord x2  
  111  8:46  Ravager x2  
  113  8:51  Overlord x2  
  113  8:59  Drone  
  113  9:01  Overlord x2  
  114  9:05  Drone x3  
  114  9:06  Drone x2  
  114  9:08  Overseer  
  119  9:13  Roach x2  
  119  9:14  Roach  
  125  9:19  Roach  
  125  9:20  Roach  
  125  9:21  Roach, Overseer  
  131  9:27  Roach x3  
  135  9:32  Roach x2  
  135  9:35  Roach  
  135  9:36  Roach  
  135  9:37  Roach  
  145  9:40  Roach  
  145  9:41  Roach  
  145  9:42  Overseer  
  145  9:45  Roach x2  
  149  9:54  Roach  
  149  9:55  Roach  
  153  10:01  Roach  
  134  10:14  Overlord x5  
  134  10:15  Overseer  
  134  10:28  Hatchery x2  
  134  10:33  Roach  
  134  10:34  Roach x2  
  138  10:42  Roach x2  
  142  10:47  Roach x2  
  146  10:53  Overseer x2  
  146  10:57  Roach  
  146  10:58  Roach  
  146  10:59  Roach  
  146  11:01  Ravager x3  
  146  11:02  Ravager x3  
  156  11:06  Roach  
  153  11:13  Roach x2  
  153  11:14  Roach  
  153  11:15  Roach  
  153  11:16  Roach  
  153  11:17  Roach  
  129  11:24  Roach  
  129  11:25  Roach  
  131  11:27  Roach  
  131  11:30  Roach x2  
  122  11:35  Roach  
  122  11:39  Roach  
  117  11:40  Roach  
  117  11:41  Roach  
  117  11:46  Roach  
  120  11:50  Roach  
  120  11:51  Roach  
  120  11:52  Roach  
  112  11:56  Roach  
  112  12:01  Roach  
  112  12:05  Roach  
  112  12:06  Roach  
  112  12:08  Roach  
  95  12:19  Infestation Pit  
  95  12:20  Roach x4  
  102  12:23  Ravager x6, Extractor  
  102  12:25  Roach x2  
  111  12:33  Extractor  
  111  12:36  Extractor  
  109  12:38  Roach x3  
  109  12:39  Roach x2  
  119  12:47  Roach x6  
  119  12:51  Drone x4, Queen  
  134  12:52  Ravager  
  134  12:58  Roach x4  
  146  13:07  Hive  
  146  13:19  Roach x3  
  152  13:22  Overlord x2  
  152  13:41  Overlord x3  
  152  13:43  Drone x4  
  152  13:45  Ravager  
  152  13:46  Ravager x8  
  152  13:47  Roach  
  167  14:00  Roach x3  
  167  14:01  Roach  
  175  14:05  Roach x3  
  181  14:10  Hatchery  
  180  14:17  Roach  
  180  14:19  Roach  
  180  14:20  Roach  
  180  14:22  Roach x2  
  190  14:27  Roach  
  164  14:44  Roach  
  138  14:57  Overseer  
  115  15:07  Roach x2  
  115  15:08  Roach x2  
  115  15:09  Roach  
  115  15:11  Roach x3  
  115  15:12  Roach x2  
  115  15:13  Roach  
  115  15:14  Roach x2  
  128  15:16  Roach  
  128  15:17  Roach x2  
  128  15:18  Roach x2  
  128  15:20  Roach  
  116  15:31  Roach x3  
  119  15:37  Overlord x2  
  119  15:38  Overlord  
  119  15:39  Ravager  
  120  15:45  Roach  
  120  15:47  Roach  
  98  15:50  Extractor  
  98  15:52  Ravager x3  
  98  15:53  Ravager x7, Extractor  
  98  15:56  Roach  
  105  15:58  Roach  
  105  16:01  Roach  
  100  16:06  Overseer x4  
  99  16:22  Roach  
  99  16:23  Roach x2  
  103  16:26  Swarm Host  
  103  16:27  Roach  
  103  16:28  Roach  
  103  16:29  Roach  
  103  16:30  Roach x2  
  112  16:44  Roach x2  
  112  16:45  Ravager  
  112  16:46  Ravager x2  
  119  16:54  Hatchery  
  118  17:02  Hatchery  
  118  17:08  Zerg Missile Weapons Level 3  
  117  17:29  Ravager x3  
  122  17:30  Ravager x4  
  122  17:32  Roach x3  
  101  18:06  Roach  
  101  18:07  Roach  
  101  18:09  Roach  
  101  18:11  Roach  
  82  18:14  Roach x2  
  82  18:18  Roach x3  
  92  18:20  Roach  
  92  18:25  Extractor  
  92  18:26  Extractor  
  91  18:34  Roach x3  
  91  18:35  Roach x2  
  91  18:39  Roach  
  91  18:40  Roach  
  101  18:43  Roach  
  103  18:55  Hatchery  
  96  19:16  Roach x2  
  87  19:18  Roach  
  76  19:26  Overseer  
  76  19:27  Overseer x2  
  76  19:28  Roach x2  
  76  19:29  Roach  
  80  19:37  Roach  
  79  19:38  Roach  
  76  19:52  Roach x2  
  63  19:56  Roach x2  
  59  20:00  Roach  
Tags
 
Add a new tag
Caveats
  • Supply blocks, unpowered buildings, or Contaminate may cause inaccurate times.
  • Supply counts are checked every 10 seconds.